Cogmind - Beta 12 *** ADVENTURER MODE // 2023.05.08 @ 16:27:20 Player: Deep Beef Result: Destroyed by X-77 Beamer with Gatling Laser Performance ------------- Evolutions (5) 2500 Regions Visited (15) 3000 Robots Destroyed (226) 1130 Value Destroyed (13625) 13625 Prototype IDs (9) 180 Alien Tech Used (1) 200 Bonus (7669) 7669 TOTAL SCORE: 28304 Bonus ------- Triggered High Security 500 High Alert Combat Kills 4970 Follower Combat Kills 1304 Entered Garrisons 600 Aligned with FarCom 300 Friendly Fire -5 Cogmind --------- Core Integrity 0/1000 Matter 33/300 Energy 88/100 System Corruption 6% Temperature Cool (18) Movement Core (2400) Ox47 Location -5/Extension Parts ------- > --- POWER (2) -------- (None) > --- PROPULSION (4) --- (None) > --- UTILITY (9) ------ Advanced Cooling System Cargo Storage Unit Enhanced Optical Array Improved Melee Analysis Suite Core Analyzer > --- WEAPON (2) ------- (None) > --- INVENTORY (30) --- Micro Nuclear Core Light Angular Momentum Engine Fusion Compressor Reinforced Antimatter Reactor Improved Cryofiber Web Advanced Heat Sink High-capacity Storage Unit Advanced Terrain Scan Processor Encrypted Comm Array Point Defense System Gauss Rifle Gauss Rifle Carbide Saw Peak State ------------ > --- POWER ------------ Reinforced Deuterium Engine Reinforced Antimatter Reactor > --- PROPULSION ------- Armored Leg Myomer Leg Myomer Leg Myomer Leg > --- UTILITY ---------- Advanced Cooling System Cargo Storage Unit Improved Trap Scanner Enhanced Optical Array Improved Melee Analysis Suite Improved Target Analyzer Core Analyzer Improved Recalibrator > --- WEAPON ----------- Heavy Linear Accelerator > --- INVENTORY -------- Micro Nuclear Core Light Angular Momentum Engine Fusion Compressor Neutrino Core Improved Medium Treads Improved Heavy Treads Armored Heavy Treads Improved Cryofiber Web Advanced Heat Sink High-capacity Storage Unit Advanced Terrain Scan Processor Encrypted Comm Array Improved Kinecellerator Point Defense System Gauss Rifle Gauss Rifle Heavy Linear Accelerator Heavy Linear Accelerator Improved Concussive RPG Carbide Saw Spear [Rating: 104] Favorites ----------- Power Micro Nuclear Core Engine Light Angular Momentum Engine Power Core Micro Nuclear Core Reactor Reinforced Antimatter Reactor Propulsion Potential Leg Treads Improved Heavy Treads Leg Potential Leg Wheel Wheel Utility Core Analyzer Device Improved Recalibrator Storage High-capacity Storage Unit Processor Core Analyzer Hackware Hacking Suite Protection Layered Light Armor Plating Weapon Heavy Assault Rifle Energy Gun Medium Laser Ballistic Gun Heavy Assault Rifle Ballistic Cannon Heavy Linear Accelerator Launcher Missile Launcher Slashing Weapon Makeshift Axe Piercing Weapon Spear Build | -11 -10 -10 -10 -9 -8 -7 -7 -6 -6 -6 -6 -6 -5 -5 -5 ------- Run | Jun Mat Min Exi Min Mat Fac Gar Fac Gar Fac Low Low Fac Gar Ext Slots Evolved 10 | . . . . . 4 2 . 2 . . . . 2 . . Power 1 | . . . . . 1 . . . . . . . . . . Propulsion 2 | . . . . . . 1 . . . . . . 1 . . Utility 7 | . . . . . 3 1 . 2 . . . . 1 . . Weapon . | . . . . . . . . . . . . . . . . Parts Attached 250 | 6 12 3 2 1 19 6 31 42 35 8 9 . 12 40 24 Power 45 | 1 2 1 . . 5 1 2 7 6 1 3 . 4 7 5 Engine 26 | 1 2 1 . . 2 . 1 5 3 1 2 . 2 4 2 Core 15 | . . . . . 3 1 1 . 3 . 1 . 2 2 2 Reactor 4 | . . . . . . . . 2 . . . . . 1 1 Propulsion 57 | 2 5 2 2 . 2 2 3 9 3 2 . . 3 11 11 Treads 5 | . . . . . . . . . . . . . . 2 3 Leg 45 | . . 2 2 . 2 2 3 9 3 2 . . 3 9 8 Wheel 7 | 2 5 . . . . . . . . . . . . . . Hover . | . . . . . . . . . . . . . . . . Flight . | . . . . . . . . . . . . . . . . Utility 64 | 1 2 . . . 10 1 1 12 9 3 4 . 5 12 4 Device 24 | . . . . . 5 . . 3 2 1 . . 2 7 4 Storage 5 | 1 1 . . . . . 1 . . . 1 . . 1 . Processor 17 | . 1 . . . 5 1 . 2 3 . 1 . 1 3 . Hackware 5 | . . . . . . . . 2 . 1 1 . 1 . . Protection 13 | . . . . . . . . 5 4 1 1 . 1 1 . Artifact . | . . . . . . . . . . . . . . . . Weapon 84 | 2 3 . . 1 2 2 25 14 17 2 2 . . 10 4 Energy Gun 2 | 1 . . . . . . . . 1 . . . . . . Energy Cannon . | . . . . . . . . . . . . . . . . Ballistic Gun 47 | 1 3 . . 1 1 2 14 9 10 2 . . . 4 . Ballistic Cannon 4 | . . . . . . . . . . . . . . 2 2 Launcher 7 | . . . . . . . 4 1 1 . . . . . 1 Special Weapon . | . . . . . . . . . . . . . . . . Impact Weapon . | . . . . . . . . . . . . . . . . Slashing Weapon 20 | . . . . . 1 . 7 4 5 . 1 . . 2 . Piercing Weapon 4 | . . . . . . . . . . . 1 . . 2 1 Special Melee Weapon . | . . . . . . . . . . . . . . . . Unidentified Prototypes 3 | . . . 1 . 1 . . . . . 1 . . . . Parts Lost 88 | . 1 3 . . 6 1 3 20 18 . 1 . 1 13 21 Power 19 | . . 1 . . 2 . 1 4 7 . . . . 3 1 Propulsion 27 | . 1 2 . . . 1 2 6 . . . . 1 2 12 Utility 29 | . . . . . 2 . . 6 7 . 1 . . 8 5 Weapon 13 | . . . . . 2 . . 4 4 . . . . . 3 Highest Loss Streak 6 | . 1 3 . . 3 1 2 6 4 . 1 . 1 3 6 To Critical Strikes 1 | . . . . . . . . . 1 . . . . . . Average Slot Usage (%) 93 | . 98 99 100 100 91 98 98 93 93 94 98 100 98 88 83 Engine 6 | . 14 13 14 14 4 . 5 5 2 2 9 13 9 5 3 Core 3 | . . . . . 9 15 8 2 5 6 3 . 1 2 3 Leg 19 | . . 18 28 28 18 22 21 18 20 20 20 20 22 17 20 Wheel 1 | . 27 9 . . . . . . . . . . . . . Device 6 | . . . . . 7 . . 3 5 3 1 . 6 12 15 Storage 7 | . 14 14 14 14 9 7 7 6 6 6 6 6 5 5 5 Processor 23 | . 13 14 14 14 26 36 38 30 13 13 18 20 17 24 22 Hackware 2 | . . . . . . . . 3 6 13 11 13 11 1 . Protection 3 | . . . . . . . . 5 16 14 13 13 8 1 . Ballistic Gun 8 | . 17 28 28 28 13 10 10 10 9 13 4 . . . . Slashing Weapon 1 | . . . . . 2 3 3 2 1 . 3 6 5 2 . Naked Turns . | . . . . . . . . . . . . . . . . Heaviest Build 215 | 13 31 31 31 31 52 38 66 81 91 70 108 72 80 213 215 Greatest Support 150 | 32 32 26 43 26 26 53 60 75 80 80 76 76 91 150 135 Greatest Overweight (x) 47 | 3 2 8 1 1 1 1 1 19 1 . 1 . 1 3 47 Average Overweight (x) . | . . 1 . 1 1 . . . . . . . . 1 2 Largest Inventory Capacity 30 | 8 15 15 15 15 15 15 20 20 20 20 20 20 20 30 30 Average Capacity 20 | 7 12 15 15 15 15 15 16 20 20 20 20 20 20 26 30 Most Carried 29 | 1 15 15 15 15 15 15 20 20 20 20 20 20 20 25 29 Average Carried 17 | . 9 13 14 14 13 14 15 18 16 19 19 20 19 18 23 Final Capacity 30 | 8 15 15 15 15 15 15 20 20 20 20 20 20 20 30 30 Final Carried 24 | 1 15 13 15 15 14 14 20 17 20 20 20 20 20 24 13 Class Distribution -------------------- 29% | Mutant 19% | Scavenger-Mutant 15% | Hacker-Mutant 9% | Hauler-Mutant 7% | Scavenger-Assassin 5% | Hacker-Assassin 4% | Scavenger-Skirmisher 3% | Hauler-Skirmisher Dominant Class ---------------- Mutant | -10/Materials Mutant | -10/Mines Mutant | -10/Exiles Mutant | -9/Mines Mutant | -8/Materials Mutant | -7/Factory Mutant | -7/Garrison Scavenger-Skirmisher | -6/Factory Scavenger-Mutant | -6/Garrison Hacker-Mutant | -6/Factory Hacker-Mutant | -6/Lower Caves Hacker-Mutant | -6/Lower Caves Hacker-Assassin | -5/Factory Hauler-Mutant | -5/Garrison Scavenger-Mutant | -5/Extension Resources | -11 -10 -10 -10 -9 -8 -7 -7 -6 -6 -6 -6 -6 -5 -5 -5 ----------- Run | Jun Mat Min Exi Min Mat Fac Gar Fac Gar Fac Low Low Fac Gar Ext Matter Collected 7694 | 143 291 78 . 105 488 . 1020 1323 1007 . 478 18 50 1136 1557 Remotely . | . . . . . . . . . . . . . . . . Salvage Created 10686 | . 400 377 . 119 853 64 1196 1697 877 . 583 70 274 2407 1769 Parts 440 | . 29 16 . 8 51 4 57 71 45 . 26 2 13 77 41 Haulers Intercepted . | . . . . . . . . . . . . . . . . Recyclers Shooed 2 | . . . . . . . . 1 . . . . . . 1 Parts Field Recycled . | . . . . . . . . . . . . . . . . Retrieved Matter . | . . . . . . . . . . . . . . . . Parts Self-Destructed 27 | . . . . . . . . . . . 25 2 . . . Prevented . | . . . . . . . . . . . . . . . . Kills | -11 -10 -10 -10 -9 -8 -7 -7 -6 -6 -6 -6 -6 -5 -5 -5 ------- Run | Jun Mat Min Exi Min Mat Fac Gar Fac Gar Fac Low Low Fac Gar Ext Combat Hostiles Destroyed 209 | . 10 4 . 7 15 3 28 37 19 . 9 1 4 31 41 Melee 39 | . . . . . 1 . 2 2 . . 6 1 4 23 . Guns 109 | . 10 4 . 7 14 3 20 30 18 . 3 . . . . Cannons 49 | . . . . . . . . . . . . . . 8 41 AOE 11 | . . . . . . . 6 5 . . . . . . . Classes Destroyed 18 | . 4 2 . 1 3 . 2 2 1 . . . . 1 2 Worker 3 | . 1 . . . . . . 1 . . . . 1 . . Builder 3 | . . . . . . . . . . . . . . . 3 Recycler 5 | . . 2 . . 1 . . . . . . . . . 2 Operator 1 | . . . . . 1 . . . . . . . . . . Watcher 8 | . 2 . . . 2 . . 2 . . . . . . 2 Swarmer 28 | . 2 . . 4 1 3 . 4 10 . . . . 4 . Cutter 2 | . . . . . . . . . . . . . . 2 . Saboteur 1 | . . . . . . . . 1 . . . . . . . Grunt 104 | . 8 2 . . 8 . 18 19 6 . 5 . 1 14 23 Brawler 10 | . . . . . 1 . 2 3 . . 1 . . . 3 Duelist 12 | . . . . . . . . 5 . . 1 . 2 . 4 Protector 1 | . . . . . . . . . . . . . . . 1 Sentry 23 | . . 2 . . 4 . 5 1 . . 1 1 1 4 4 Specialist 2 | . . . . . . . 1 . 1 . . . . . . Hunter 8 | . . . . . 1 . 1 . . . . . . 3 3 Programmer 9 | . . . . . . . 1 4 . . 1 . . 2 1 Behemoth 6 | . . . . . . . . . 2 . . . . 2 2 Assembled 3 | . . . . 3 . . . . . . . . . . . Best Kill Streak 14 | . 2 2 . 4 3 3 8 6 5 . 6 1 3 6 14 Combat Bots Only 14 | . 2 2 . 4 2 3 8 6 5 . 6 1 3 6 14 Max Kills in Single Turn 3 | . 2 2 . 1 1 1 3 3 1 . 1 1 1 1 1 Gunslinging 1 | . 1 . . . . . 1 . . . . . . . . Exploded 3 | . . . . . . . 3 3 . . . . . . . Melee 1 | . . . . . 1 . 1 1 . . 1 1 1 1 . Uniques/NPCs Destroyed . | . . . . . . . . . . . . . . . . Combat | -11 -10 -10 -10 -9 -8 -7 -7 -6 -6 -6 -6 -6 -5 -5 -5 -------- Run | Jun Mat Min Exi Min Mat Fac Gar Fac Gar Fac Low Low Fac Gar Ext Damage Taken 17805 | . 251 239 . 146 854 153 1080 3285 3003 27 310 108 317 3255 4777 Core 2144 | . 43 48 . 17 120 14 173 404 273 . 35 8 63 225 721 Absorbed by Shields . | . . . . . . . . . . . . . . . . Core Remaining (%) 64 | 100 . . . 56 78 . 73 . . . . 15 . . . Volleys Fired 608 | . 29 13 . 11 64 7 65 103 110 . 11 . . 55 140 Largest 2 | . 2 2 . 2 2 2 2 2 2 . 2 . . 1 1 Hottest 92 | . 70 46 . 46 46 51 63 68 92 . 46 . . 83 83 Shots Fired 930 | . 58 26 . 22 115 14 111 187 179 . 24 . . 56 138 Gun 714 | . 58 26 . 22 115 14 94 184 174 . 24 . . 3 . Cannon 190 | . . . . . . . . . . . . . . 53 137 Launcher 26 | . . . . . . . 17 3 5 . . . . . 1 Special . | . . . . . . . . . . . . . . . . Kinetic 860 | . 35 26 . 22 115 14 94 184 153 . 24 . . 56 137 Thermal 44 | . 23 . . . . . . . 21 . . . . . . Explosive 26 | . . . . . . . 17 3 5 . . . . . 1 Electromagnetic . | . . . . . . . . . . . . . . . . Robot Hit Streak 43 | . 13 18 . 23 43 8 28 25 22 . 23 . . 8 21 Robot Miss Streak 7 | . 2 1 . 2 2 5 4 7 3 . 1 . . 2 3 Penetration Max 2 | . . . . . . . 2 1 1 . . . . . 1 Secondary Targets 13 | . 1 . . 3 1 . 5 2 1 . . . . . . Max Gunslinging Chain 1 | . 1 . . 1 1 . 1 1 1 . . . . . . Shots Hit Robots 879 | . 45 21 . 14 96 11 92 169 128 . 34 4 19 140 106 Core Hits 658 | . 26 11 . 8 37 9 146 227 50 . 19 2 9 61 53 Critical Kills 5 | . . . . . 1 . . . 4 . . . . . . Critical Parts Destroyed 13 | . . . . . 4 . 1 2 6 . . . . . . Critical Strikes 65 | . 3 . . . 6 . 2 3 12 . 2 . . 24 13 Burn 3 | . 3 . . . . . . . . . . . . . . Destroy 20 | . . . . . 5 . 1 2 12 . . . . . . Blast 18 | . . . . . . . . . . . . . . 5 13 Sever 17 | . . . . . 1 . 1 1 . . 2 . . 12 . Impale 7 | . . . . . . . . . . . . . . 7 . Melee Attacks 428 | . . . . . 3 . 83 14 17 . 34 4 25 248 . Thermal 20 | . . . . . . . . 3 17 . . . . . . Impact . | . . . . . . . . . . . . . . . . Slashing 295 | . . . . . 3 . 83 11 . . 12 3 23 160 . Piercing 113 | . . . . . . . . . . . 22 1 2 88 . Sneak Attacks 6 | . . . . . . . . 1 1 . 1 . 1 2 . Combat Hostiles 2 | . . . . . . . . . . . . . . 2 . Follow-up Attacks 14 | . . . . . . . . . . . 3 1 . 10 . Damage Inflicted 29901 | . 510 332 . 212 1444 174 3320 4395 1829 13 837 149 720 6741 9225 Guns 9881 | . 510 331 . 212 1349 174 1763 3571 1643 . 328 . . . . Cannons 11105 | . . . . . . . . . . . . . . 2095 9010 Explosions 1902 | . . . . . . . 1029 488 186 . . . . . 199 Melee 6969 | . . . . . 95 . 528 322 . . 509 149 720 4646 . Ramming 44 | . . 1 . . . . . 14 . 13 . . . . 16 Kinetic 20387 | . 247 331 . 212 1349 174 1763 3571 1329 . 328 . . 2095 8988 Thermal 577 | . 263 . . . . . . . 314 . . . . . . Explosive 1902 | . . . . . . . 1029 488 186 . . . . . 199 Electromagnetic . | . . . . . . . . . . . . . . . . Impact 22 | . . . . . . . . . . . . . . . 22 Slashing 5136 | . . . . . 95 . 528 322 . . 414 116 720 2941 . Piercing 1833 | . . . . . . . . . . . 95 33 . 1705 . Highest Corruption 13 | . . . . . 1 . . 4 7 9 13 13 . 1 6 Average Corruption 3 | . . . . . 1 . . 1 5 8 12 13 . 1 1 Corruption Purged . | . . . . . . . . . . . . . . . . Corruption Blocked . | . . . . . . . . . . . . . . . . Effects 164 | . . . . . 2 . . 14 33 16 49 4 . 33 13 Message Errors 44 | . . . . . 1 . . 5 7 4 11 1 . 12 3 Matter Fused 40 | . . . . . . . . 3 8 1 16 . . 8 4 Heat Flow Errors 18 | . . . . . . . . 1 2 5 4 . . 4 2 Energy Discharges 16 | . . . . . . . . . 3 2 6 2 . 2 1 Parts Rejected 2 | . . . . . . . . 1 . . . . . 1 . Parts Fused 1 | . . . . . . . . . 1 . . . . . . Data Loss (minor) 21 | . . . . . 1 . . 3 5 2 5 1 . 4 . Data Loss (major) 9 | . . . . . . . . . 2 2 4 . . 1 . Misfires 6 | . . . . . . . . 1 2 . 2 . . 1 . Alerts 3 | . . . . . . . . . 1 . 1 . . . 1 Weapon Failures 4 | . . . . . . . . . 2 . . . . . 2 Overload Shots . | . . . . . . . . . . . . . . . . Overflow Damage 1014 | . . . . . . . 12 46 . . . . 17 145 794 Projectiles 848 | . . . . . . . . . . . . . . 54 794 Explosions 25 | . . . . . . . 12 13 . . . . . . . Melee 141 | . . . . . . . . 33 . . . . 17 91 . Knockbacks 28 | . . . . . . . . . . . . . . 2 26 Impact 1 | . . . . . . . . . . . . . . . 1 Kinetic 23 | . . . . . . . . . . . . . . 2 21 Secondary 4 | . . . . . . . . . . . . . . . 4 Self-Inflicted Damage 82 | . . . . . . . . 14 40 . . . . . 28 Shots 3 | . . . . . . . . 1 1 . . . . . 1 Rammed 1 | . . . . . . . . . . . . . . . 1 Targets Rammed 4 | . . 1 . . . . . 1 . 1 . . . . 1 Kicked 3 | . . 1 . . . . . 1 . 1 . . . . . Crushed . | . . . . . . . . . . . . . . . . Highest Temperature 429 | . 152 22 . . 46 . 57 240 429 236 414 7 . 276 421 Average Temperature 101 | . 60 11 . . 14 . 19 29 138 88 145 6 . 49 150 Received Heat Transfer 5597 | . 129 138 . . 378 . 516 1134 498 18 162 36 81 1096 1411 Effects 27 | . . . . . . . . . 14 . 4 . . . 9 Shutdowns 12 | . . . . . . . . . 6 . 3 . . . 3 Energy Bleed 4 | . . . . . . . . . 3 . 1 . . . . Interference 7 | . . . . . . . . . 2 . . . . . 5 Matter Decay 1 | . . . . . . . . . 1 . . . . . . Short Circuit 2 | . . . . . . . . . 1 . . . . . 1 Damage (minor) 1 | . . . . . . . . . 1 . . . . . . Siege Activations . | . . . . . . . . . . . . . . . . Robots Corrupted . | . . . . . . . . . . . . . . . . Combat Hostiles . | . . . . . . . . . . . . . . . . Parts Fried . | . . . . . . . . . . . . . . . . Impact Corruptions 1 | . . . . . . . . . . . . . . . 1 Robots Melted . | . . . . . . . . . . . . . . . . Combat Hostiles . | . . . . . . . . . . . . . . . . Parts Melted 3 | . . . . . . . . . 3 . . . . . . Heat Transferred 1554 | . 999 . . . . . . . 555 . . . . . . Parts Sabotaged 7 | . . . . . . . . 4 . . . . . . 3 Parts Stolen . | . . . . . . . . . . . . . . . . Parts Stripped . | . . . . . . . . . . . . . . . . Power Chain Reactions . | . . . . . . . . . . . . . . . . Missiles Intercepted . | . . . . . . . . . . . . . . . . Alert | -11 -10 -10 -10 -9 -8 -7 -7 -6 -6 -6 -6 -6 -5 -5 -5 ------- Run | Jun Mat Min Exi Min Mat Fac Gar Fac Gar Fac Low Low Fac Gar Ext Peak Influence 3557 | . 188 136 . 95 320 204 1752 960 1413 652 . . 85 3557 2128 Initial 1617 | . . 61 . . 11 103 125 815 449 620 . . 47 23 1617 Average 900 | . 79 56 . 13 177 118 831 775 831 599 . . 35 1546 1656 Maximum Alert Level 5 | . . . . . 1 1 5 3 4 2 . . . 5 5 Low Security (%) 25 | 100 100 100 . 100 54 93 14 . . . . . 100 3 . Level 1 8 | . . . . . 45 6 16 . . . . . . 11 . Level 2 14 | . . . . . . . 8 30 42 100 . . . 10 . Level 3 20 | . . . . . . . 25 69 38 . . . . 19 . Level 4 10 | . . . . . . . 31 . 19 . . . . 11 24 Level 5 17 | . . . . . . . 4 . . . . . . 42 54 High Security 2 | . . . . . . . . . . . . . . . 21 Max Security . | . . . . . . . . . . . . . . . . Squads Dispatched 46 | . 2 . . . 7 2 . 14 . 2 . . 1 . 18 Investigation 10 | . 2 . . . 2 2 . 2 . 1 . . 1 . . Extermination 4 | . . . . . . . . 4 . . . . . . . Reinforcement 4 | . . . . . 2 . . . . 1 . . . . 1 Assault 22 | . . . . . . . . 5 . . . . . . 17 Garrison 6 | . . . . . 3 . . 3 . . . . . . . Intercept . | . . . . . . . . . . . . . . . . Searches Triggered . | . . . . . . . . . . . . . . . . Construction Impeded 1 | . . . . . . . . . . . . . . . 1 Haulers Reinforced . | . . . . . . . . . . . . . . . . Active Scanning Responses . | . . . . . . . . . . . . . . . . Cargo Convoy Interrupts . | . . . . . . . . . . . . . . . . Stealth | -11 -10 -10 -10 -9 -8 -7 -7 -6 -6 -6 -6 -6 -5 -5 -5 --------- Run | Jun Mat Min Exi Min Mat Fac Gar Fac Gar Fac Low Low Fac Gar Ext Distress Signals 13 | . 1 . . 2 7 . . 1 . . . . . . 2 Communications Jammed . | . . . . . . . . . . . . . . . . Distress Signals . | . . . . . . . . . . . . . . . . Times Spotted 364 | . 17 7 . 8 36 4 39 56 40 2 11 2 4 39 99 Peak Tracking Total 21 | . 3 3 . 3 5 3 7 10 5 1 5 2 3 10 21 Tactical Retreats 43 | . 1 . . . 8 . 1 3 12 1 2 . . 9 6 Traps | -11 -10 -10 -10 -9 -8 -7 -7 -6 -6 -6 -6 -6 -5 -5 -5 ------- Run | Jun Mat Min Exi Min Mat Fac Gar Fac Gar Fac Low Low Fac Gar Ext Traps Triggered 17 | . 5 . . . . . 3 1 . 2 . . 2 . 4 Indirectly . | . . . . . . . . . . . . . . . . Trap Hack Attempts . | . . . . . . . . . . . . . . . . Triggered . | . . . . . . . . . . . . . . . . Disarmed . | . . . . . . . . . . . . . . . . Reprogrammed . | . . . . . . . . . . . . . . . . Reused 3 | . . . . . . . 3 . . . . . . . . Traps Extracted . | . . . . . . . . . . . . . . . . Installed 3 | . . . . . . . 3 . . . . . . . . Triggered 3 | . . . . . . . 3 . . . . . . . . Most Traps Carried 3 | . . . . 3 3 3 3 . . . . . . . . Machines | -11 -10 -10 -10 -9 -8 -7 -7 -6 -6 -6 -6 -6 -5 -5 -5 ---------- Run | Jun Mat Min Exi Min Mat Fac Gar Fac Gar Fac Low Low Fac Gar Ext Machines Disabled 37 | . . . . . . . 15 3 6 . 1 . . 9 3 Max in Single Turn 3 | . . . . . . . 3 1 1 . 1 . . 2 1 Garrison Access 1 | . . . . . . . . . . 1 . . . . . Garrison Relay 14 | . . . . . . . 8 . 2 . . . . 4 . Phase Generator 2 | . . . . . . . 1 . . . . . . 1 . Machines Repaired . | . . . . . . . . . . . . . . . . Machines Sabotaged . | . . . . . . . . . . . . . . . . Overloaded Fab Kills . | . . . . . . . . . . . . . . . . Hacking | -11 -10 -10 -10 -9 -8 -7 -7 -6 -6 -6 -6 -6 -5 -5 -5 --------- Run | Jun Mat Min Exi Min Mat Fac Gar Fac Gar Fac Low Low Fac Gar Ext Machines Accessed 47 | . 6 1 . . 6 2 2 8 2 6 1 . 6 4 3 Terminals 38 | . 6 . . . 5 1 2 6 2 4 . . 5 4 3 Fabricators 1 | . . . . . . . . . . 1 . . . . . Repair Stations . | . . . . . . . . . . . . . . . . Recycling Units . | . . . . . . . . . . . . . . . . Scanalyzers 1 | . . . . . . . . 1 . . . . . . . Garrison Access 5 | . . . . . 1 1 . 1 . 1 . . 1 . . Total Hacks 124 | . 19 1 . . 21 7 4 18 4 11 1 . 19 10 9 Successful 80 | . 15 1 . . 14 4 3 12 1 9 1 . 12 5 3 Failed 44 | . 4 . . . 7 3 1 6 3 2 . . 7 5 6 Catastrophic 2 | . . . . . . . . 2 . . . . . . . Database Lockouts . | . . . . . . . . . . . . . . . . Manual 44 | . 7 . 1 . 9 2 1 7 . 3 . . 8 2 4 Terminals 106 | . 19 . . . 18 4 4 13 4 8 . . 17 10 9 Fabricators 2 | . . . . . . . . . . 2 . . . . . Repair Stations . | . . . . . . . . . . . . . . . . Recycling Units . | . . . . . . . . . . . . . . . . Scanalyzers 4 | . . . . . . . . 4 . . . . . . . Garrison Access 10 | . . . . . 3 3 . 1 . 1 . . 2 . . Terminal Hacks 40 | . 9 1 . . 7 1 2 2 1 4 1 . 7 3 2 Record 3 | . . . . . . . . 1 . 1 1 . . . . Part Schematic 3 | . . . . . . . . . . . . . 3 . . Robot Schematic 1 | . . . . . . . . . . 1 . . . . . Robot Analysis 2 | . 1 . . . . 1 . . . . . . . . . Prototype ID Bank 4 | . 2 . . . 2 . . . . . . . . . . Open Door 4 | . . 1 . . . . 1 . 1 . . . . . 1 Open DSF 3 | . . . . . . . . 1 . 2 . . . . . Branch Access Points 3 | . 1 . . . 1 . . . . . . . 1 . . Emergency Access Points 3 | . 1 . . . . . 1 . . . . . . 1 . Terminal Index 2 | . . . . . 1 . . . . . . . 1 . . Alert Level 1 | . . . . . 1 . . . . . . . . . . Unreport Threat 2 | . . . . . . . . . . . . . 2 . . Locate Traps 3 | . 1 . . . 1 . . . . . . . . . 1 Reinforcement Status 1 | . 1 . . . . . . . . . . . . . . Hauler Manifests 1 | . 1 . . . . . . . . . . . . . . Registered Prototypes 1 | . . . . . 1 . . . . . . . . . . Zone Layout 1 | . 1 . . . . . . . . . . . . . . Garrison Registry 1 | . . . . . . . . . . . . . . 1 . Patrol Navigation 1 | . . . . . . . . . . . . . . 1 . Fabricator Hacks 2 | . . . . . . . . . . 2 . . . . . Load Schematic 1 | . . . . . . . . . . 1 . . . . . Build 1 | . . . . . . . . . . 1 . . . . . Repair Station Hacks . | . . . . . . . . . . . . . . . . Recycling Unit Hacks . | . . . . . . . . . . . . . . . . Scanalyzer 4 | . . . . . . . . 4 . . . . . . . Insert Component 2 | . . . . . . . . 2 . . . . . . . Analyze 2 | . . . . . . . . 2 . . . . . . . Garrison Access Hacks 5 | . . . . . 1 1 . 1 . 1 . . 1 . . Unlock Access 4 | . . . . . 1 1 . 1 . . . . 1 . . Seal Access 1 | . . . . . . . . . . 1 . . . . . Unauthorized Hacks 29 | . 6 . . . 6 2 1 5 . 2 . . 4 2 1 Terminals 28 | . 6 . . . 5 2 1 5 . 2 . . 4 2 1 Track 1 | . . . . . . . . . . . . . . 1 . Assimilate 2 | . . . . . . 1 . 1 . . . . . . . Botnet 25 | . 6 . . . 5 1 1 4 . 2 . . 4 1 1 Fabricators . | . . . . . . . . . . . . . . . . Repair Stations . | . . . . . . . . . . . . . . . . Recycling Units . | . . . . . . . . . . . . . . . . Scanalyzers . | . . . . . . . . . . . . . . . . Garrison Access 1 | . . . . . 1 . . . . . . . . . . Reprogram 1 | . . . . . 1 . . . . . . . . . . Data Cores Recovered . | . . . . . . . . . . . . . . . . Used . | . . . . . . . . . . . . . . . . Hacking Detections 34 | . 4 . . . 5 2 1 7 1 2 . . 5 4 3 Full Trace Events 10 | . 1 . . . 2 2 . 2 1 1 . . . 1 . Feedback Events 2 | . . . . . 1 . . . . . . . . 1 . Corruption 2 | . . . . . 1 . . . . . . . . 1 . Feedback Blocked . | . . . . . . . . . . . . . . . . Robot Schematics Acquired 1 | . . . . . . . . . . 1 . . . . . Robots Built . | . . . . . . . . . . . . . . . . Authchips . | . . . . . . . . . . . . . . . . Time . | . . . . . . . . . . . . . . . . Total Robot Build Rating . | . . . . . . . . . . . . . . . . Part Schematics Acquired 5 | . . . . . . . . 2 . . . . 3 . . Parts Built 2 | . . . . . . . . . . 2 . . . . . Authchips . | . . . . . . . . . . . . . . . . Time 28 | . . . . . . . . . . 28 . . . . . Total Part Build Rating 8 | . . . . . . . . . . 8 . . . . . Parts Repaired . | . . . . . . . . . . . . . . . . Time . | . . . . . . . . . . . . . . . . Parts Recycled . | . . . . . . . . . . . . . . . . Recycled Matter . | . . . . . . . . . . . . . . . . Retrieved Matter . | . . . . . . . . . . . . . . . . Retrieved Components . | . . . . . . . . . . . . . . . . Parts Scanalyzed 2 | . . . . . . . . 2 . . . . . . . Part Schematics Acquired 2 | . . . . . . . . 2 . . . . . . . Parts Damaged . | . . . . . . . . . . . . . . . . Bothacking | -11 -10 -10 -10 -9 -8 -7 -7 -6 -6 -6 -6 -6 -5 -5 -5 ------------ Run | Jun Mat Min Exi Min Mat Fac Gar Fac Gar Fac Low Low Fac Gar Ext Used RIF Installer . | . . . . . . . . . . . . . . . . Robots Hacked . | . . . . . . . . . . . . . . . . Non-combat . | . . . . . . . . . . . . . . . . Combat . | . . . . . . . . . . . . . . . . Robot Hacks Applied . | . . . . . . . . . . . . . . . . Relay Couplers Released 53 | . . . . . . . 28 . 10 . . . . 15 . Machine Destruction 53 | . . . . . . . 28 . 10 . . . . 15 . Fabnet Peak Effective % . | . . . . . . . . . . . . . . . . Robots Rewired 17 | . . . . . . . 3 . 3 . . . . 1 10 Allies Hacked 1 | . . . . . . . 1 . . . . . . . . Hacks Repelled . | . . . . . . . . . . . . . . . . Allies | -11 -10 -10 -10 -9 -8 -7 -7 -6 -6 -6 -6 -6 -5 -5 -5 -------- Run | Jun Mat Min Exi Min Mat Fac Gar Fac Gar Fac Low Low Fac Gar Ext Total Allies 27 | . . 1 . 3 1 . 3 1 3 . . . . 1 14 Largest Group 4 | . . 1 . 3 1 . 3 1 2 . . . . 1 4 Highest-Rated Group 140 | . . 31 . 40 16 . 90 26 116 . . . . 85 140 Highest-Rated Ally 116 | . . 31 . 16 16 . 39 26 116 . . . . 85 39 Total Orders 14 | . . . . . 8 . . . 5 . . . . 1 . ROAM 1 | . . . . . . . . . . . . . . 1 . EXPLORE 13 | . . . . . 8 . . . 5 . . . . . . Ally Attacks 269 | . . 6 . 19 26 . 25 . 17 . . . . 19 157 Total Damage 4851 | . . 82 . 175 313 . 381 . 651 . . . . 715 2534 Kills 44 | . . 3 . 3 5 . 6 . 7 . . . . 6 14 Allies Corrupted 1 | . . . . 1 . . . . . . . . . . . Allies Melted 1 | . . . . . . . . . . . . . . . 1 Intel | -11 -10 -10 -10 -9 -8 -7 -7 -6 -6 -6 -6 -6 -5 -5 -5 ------- Run | Jun Mat Min Exi Min Mat Fac Gar Fac Gar Fac Low Low Fac Gar Ext Robot Analysis Total 2 | . 1 . . . . 1 . . . . . . . . . Derelict Logs Recovered 5 | . . 2 . . . . . . . . 3 . . . . Drone Launches 25 | . . . . . 9 . . . 16 . . . . . . Drone Recoveries 18 | . . . . . 5 . . . 13 . . . . . . Exploration | -11 -10 -10 -10 -9 -8 -7 -7 -6 -6 -6 -6 -6 -5 -5 -5 ------------- Run | Jun Mat Min Exi Min Mat Fac Gar Fac Gar Fac Low Low Fac Gar Ext Turns Passed 18582 | 46 689 883 433 754 1190 357 1853 2248 1467 548 1171 105 513 4615 1710 Spaces Moved 9271 | 35 509 559 239 363 414 260 862 983 832 494 1018 87 431 1736 449 Core 12 | 8 . 1 . . . . . 2 . . . . . . 1 Treads 284 | . . . . . . . . . . . . . . 271 13 Legs 8172 | . . 291 239 363 414 260 862 981 832 494 1018 87 431 1465 435 Wheels 803 | 27 509 267 . . . . . . . . . . . . . Hover . | . . . . . . . . . . . . . . . . Flight . | . . . . . . . . . . . . . . . . Fastest Speed 50 | 50 80 95 105 190 190 123 126 90 100 100 100 100 97 105 245 Average Speed 154 | 105 94 145 179 190 190 124 151 171 112 100 100 100 102 206 272 Slowest Speed 2400 | 200 110 450 190 190 190 195 200 1000 176 100 176 100 182 333 2400 Overloaded Moves . | . . . . . . . . . . . . . . . . Propulsion Burnouts . | . . . . . . . . . . . . . . . . Robots Hopped . | . . . . . . . . . . . . . . . . Cave-ins Triggered 1 | . . . . . . . . . 1 . . . . . . Exploration Rate (%) 53 | 3 86 99 64 68 60 7 87 29 69 18 97 13 8 98 50 Regions Visited 15 Branch Regions 6 Pre-discovered Areas 2 | . . . . 1 . . . . . . 1 . . . . Known Exits Taken 6 | . 1 . . . 1 1 . 1 . . 1 . 1 . . Unknown Exits Taken 6 | 1 . 1 1 1 . . . . . 1 . 1 . . . Scrap Searched 8 | . . 1 . 2 . . . . . . 4 1 . . . Spaces Dug 73 | . . . . . . . . 2 1 . 3 . 3 60 4 Terrain Destroyed 402 | . . . . . . . 121 39 33 . 3 . 3 148 55 Melee 67 | . . . . . . . . 2 . . 3 . 3 59 . Projectile 74 | . . . . . . . 2 12 . . . . . 16 44 AOE 259 | . . . . . . . 119 25 31 . . . . 73 11 Terrain Rammed . | . . . . . . . . . . . . . . . . Walls Destroyed . | . . . . . . . . . . . . . . . . Machines Disabled . | . . . . . . . . . . . . . . . . Actions | -11 -10 -10 -10 -9 -8 -7 -7 -6 -6 -6 -6 -6 -5 -5 -5 --------- Run | Jun Mat Min Exi Min Mat Fac Gar Fac Gar Fac Low Low Fac Gar Ext Total 11989 | 41 660 605 242 407 697 280 1165 1329 1163 549 1113 101 481 2411 745 Wait 1106 | . 89 25 . 25 181 1 80 155 115 32 35 12 4 320 32 Move 9255 | 34 508 558 238 362 413 260 861 982 831 493 1017 86 430 1733 449 Hop . | . . . . . . . . . . . . . . . . Pick Up 142 | 1 17 3 2 4 11 4 13 25 20 7 2 . 4 19 10 Fast Attach 39 | 6 5 . . . 2 . 2 3 2 2 5 . 3 7 2 Attach 107 | . 2 3 . . 9 3 1 28 16 2 1 . 2 24 16 Detach 7 | . . . . . . . . . . . 1 . . 5 1 Swap 105 | . 5 . 2 1 8 3 28 11 17 4 4 . 7 9 6 Drop 80 | . 5 2 . 4 6 2 9 7 5 8 7 . 8 12 5 Fire 608 | . 29 13 . 11 64 7 65 103 110 . 11 . . 55 140 Melee 399 | . . . . . 3 . 83 14 17 . 30 3 23 226 . Ram . | . . . . . . . . . . . . . . . . Kick 3 | . . 1 . . . . . 1 . 1 . . . . . Crush 1 | . . . . . . . . . . . . . . . 1 Escape Stasis 30 | . . . . . . . 10 . . . . . . . 20 Rewire 104 | . . . . . . . 10 . 30 . . . . 1 63 Trap 3 | . . . . . . . 3 . . . . . . . . Miscellaneous . | . . . . . . . . . . . . . . . . Route ------- -11/Junkyard -10/Materials (discovered 4 exits: [*Mat x2] / *Min x2) -10/Mines (discovered 3 exits: [*Mat x2] / *Exi) -10/Exiles -9/Mines -8/Materials (discovered 2 exits: *Fac / Gar) -7/Factory (discovered 2 exits: *Fac / Gar) -7/Garrison (discovered 3 exits: *Fac x3) -6/Factory (discovered 2 exits: *Low / Gar) -6/Garrison (discovered 2 exits: *Fac x2) -6/Factory -6/Lower Caves -6/Lower Caves -5/Factory (discovered 7 exits: [*Fac x2] / Upp x2 / Ext x2 / Gar) -5/Garrison (discovered 3 exits: *Ext x3) -5/Extension History --------- Turn | Location | Event 21 | -11/Junkyard | Discovered new exit (range 15) 47 | -11/Junkyard | Entered Materials 210 | -10/Materials | Identified exit to Mines 318 | -10/Materials | Build established: Mutant 442 | -10/Materials | Discovered new exit (range 17) 556 | -10/Materials | Discovered new exit (range 8) 736 | -10/Materials | Entered Mines 741 | -10/Mines | Learned Materials stockpile data 752 | -10/Mines | Learned Materials terminal intel 776 | -10/Mines | Found the Drone Emporium 782 | -10/Mines | Found Prototype Device 816 | -10/Mines | A weapon hastily lodged in a ceiling crevice suddenly fell to the ground 932 | -10/Mines | Discovered new exit (range 3) 962 | -10/Mines | Received a Rocket Launcher from a helpful Derelict 1069 | -10/Mines | Lost 3 parts (1p2n) 1330 | -10/Mines | Received a Mining Laser from a helpful Derelict 1556 | -10/Mines | Deemed a non-threat by the Exiles lab entrance 1556 | -10/Mines | Discovered new exit (range 5) 1573 | -10/Mines | Discovered new exit (range 5) 1619 | -10/Mines | Entered Exiles 1665 | -10/Exiles | Met 8R-AWN 1699 | -10/Exiles | Met EX-HEX 1751 | -10/Exiles | Met EX-BIN 1773 | -10/Exiles | Aligned with FarCom system 1775 | -10/Exiles | Given EX-Vault access code 1819 | -10/Exiles | Opened EX-Vault 1828 | -10/Exiles | Found Prototype Leg 1829 | -10/Exiles | Identified Potential Leg 1832 | -10/Exiles | Found Potential Leg 1855 | -10/Exiles | Warned to stay clear of 0b10 Research branches 1900 | -10/Exiles | Met EX-DEC 2016 | -10/Exiles | Discovered new exit (range 17) 2052 | -10/Exiles | Left Exiles lab with Potential Leg 2052 | -10/Exiles | Entered Mines 2195 | -9/Mines | Discovered new exit (range 13) 2208 | -9/Mines | Found a hidden stash of uninstalled traps 2359 | -9/Mines | Assembled infested the area 2472 | -9/Mines | Assisted by bots powering up and referring to "LRC-V3" 2733 | -9/Mines | Learned location of Storage (-9) 2806 | -9/Mines | Entered Materials 2806 | -8/Materials | Evolved 4 slots: Power x1, Utility x3 2806 | -8/Materials | Identified Sensor Drone Bay 2808 | -8/Materials | Loaded intel: 12 terminal locations 2952 | -8/Materials | Garrison activated, responded to threat 3032 | -8/Materials | Lost 3 parts (1p1u1w) 3042 | -8/Materials | Identified exit to Garrison 3111 | -8/Materials | Build established: Skirmisher 3591 | -8/Materials | Build established: Mutant 3851 | -8/Materials | Discovered new exit (range 5) 3994 | -8/Materials | Identified exit to Factory 3996 | -8/Materials | Entered Factory 3996 | -7/Factory | Evolved 2 slots: Propulsion x1, Utility x1 4328 | -7/Factory | Discovered new exit (range 11) 4353 | -7/Factory | Identified exit to Garrison 4353 | -7/Factory | Entered Garrison 4431 | -7/Garrison | Garrison Relay disabled 4746 | -7/Garrison | Triggered checkpoint 4895 | -7/Garrison | Triggered checkpoint 4896 | -7/Garrison | Triggered checkpoint 5064 | -7/Garrison | Garrison Relay disabled 5064 | -7/Garrison | Garrison Relay disabled 5067 | -7/Garrison | Garrison Relay disabled 5072 | -7/Garrison | Garrison Relay disabled 5094 | -7/Garrison | Discovered new exit (range 5) 5118 | -7/Garrison | Triggered checkpoint 5257 | -7/Garrison | Garrison Relay disabled 5398 | -7/Garrison | Triggered checkpoint 5400 | -7/Garrison | Triggered checkpoint 5452 | -7/Garrison | Destroyed 8 combat bots 5510 | -7/Garrison | Triggered checkpoint 5590 | -7/Garrison | Triggered checkpoint 5610 | -7/Garrison | Discovered new exit (range 15) 5990 | -7/Garrison | Destroyed 7 combat bots 6066 | -7/Garrison | Triggered checkpoint 6099 | -7/Garrison | Garrison Relay disabled 6127 | -7/Garrison | Discovered new exit (range 3) 6174 | -7/Garrison | Identified exit to Factory 6206 | -7/Garrison | Phase Generator disabled 6206 | -7/Garrison | Entered Factory 6206 | -6/Factory | Evolved 2 slots: Utility x2 6323 | -6/Factory | Build established: Scavenger-Mutant 6556 | -6/Factory | First assault squad dispatched 6962 | -6/Factory | Build established: Scavenger-Skirmisher 7473 | -6/Factory | Lost 4 parts (1p1n1u1w) 7630 | -6/Factory | Discovered new exit (range 16) 7790 | -6/Factory | Garrison activated, responded to threat 7849 | -6/Factory | Lost 6 parts (1p2n2u1w) 8123 | -6/Factory | Build established: Hacker-Mutant 8168 | -6/Factory | Lost 4 parts (1p1n1u1w) 8241 | -6/Factory | Spotted B-75 Beast 8420 | -6/Factory | Identified exit to Garrison 8454 | -6/Factory | Entered Garrison 8454 | -6/Garrison | Accompanied by 1 ally 8454 | -6/Garrison | Spotted B-86 Titan 8546 | -6/Garrison | Lost 4 parts (1p2u1w) 8556 | -6/Garrison | Triggered checkpoint 8820 | -6/Garrison | Garrison Relay disabled 8831 | -6/Garrison | Lost 3 parts (2u1w) 8847 | -6/Garrison | Core integrity fell below 50% 8867 | -6/Garrison | Destroyed B-86 Titan 8895 | -6/Garrison | Spotted B-86 Titan 8924 | -6/Garrison | Rewired B-86 Titan 8940 | -6/Garrison | Allies destroyed B-86 Titan 9098 | -6/Garrison | Spotted B-75 Beast 9104 | -6/Garrison | Triggered checkpoint 9361 | -6/Garrison | Crushed by falling debris 9389 | -6/Garrison | Build established: Scavenger-Mutant 9423 | -6/Garrison | Destroyed B-75 Beast 9601 | -6/Garrison | Discovered new exit (range 11) 9682 | -6/Garrison | Triggered checkpoint 9703 | -6/Garrison | Garrison Relay disabled 9784 | -6/Garrison | Triggered checkpoint 9828 | -6/Garrison | Discovered new exit (range 15) 9866 | -6/Garrison | Triggered checkpoint 9921 | -6/Garrison | Entered Factory 10053 | -6/Factory | Fabricated Lyr. Light Armor Plating (x2) 10240 | -6/Factory | Build established: Hacker-Mutant 10448 | -6/Factory | Discovered new exit (range 9) 10469 | -6/Factory | Entered Lower Caves 10476 | -6/Lower Caves | Met a Warlord Commander 10477 | -6/Lower Caves | Learned location of Warlord (-4) 10480 | -6/Lower Caves | Found Encrypted Comm Array 10628 | -6/Lower Caves | Core integrity fell below 20% 10634 | -6/Lower Caves | System corruption reached 10% 10689 | -6/Lower Caves | Learned Factory emergency access door positions 10821 | -6/Lower Caves | Found Alien Artifact 10822 | -6/Lower Caves | Identified Dimensional Node Initializer 10822 | -6/Lower Caves | Initialized slip node 11028 | -6/Lower Caves | Attracted the attention of an 0b10 outpost 11107 | -6/Lower Caves | Encountered a Warlord checkpoint 11116 | -6/Lower Caves | Identified exit to Lower Caves 11640 | -6/Lower Caves | Entered another Lower Caves area 11671 | -6/Lower Caves | Attracted the attention of an 0b10 checkpoint 11713 | -6/Lower Caves | Spotted B-75 Beast 11737 | -6/Lower Caves | Discovered new exit (range 9) 11745 | -6/Lower Caves | Entered Factory 11745 | -5/Factory | Evolved 2 slots: Propulsion x1, Utility x1 11746 | -5/Factory | Identified exit to Upper Caves 11825 | -5/Factory | Discovered new exit (range 17) 11856 | -5/Factory | Identified exit to Extension 12054 | -5/Factory | Build established: Hacker-Assassin 12144 | -5/Factory | Discovered new exit (range 22) 12235 | -5/Factory | Identified exit to Garrison 12258 | -5/Factory | Entered Garrison 12282 | -5/Garrison | Triggered checkpoint 12526 | -5/Garrison | Triggered checkpoint 12628 | -5/Garrison | Garrison Relay disabled 13319 | -5/Garrison | Build established: Scavenger-Assassin 13406 | -5/Garrison | Triggered checkpoint 13429 | -5/Garrison | Garrison Relay disabled 13619 | -5/Garrison | Discovered exit to Extension (range 13) 13916 | -5/Garrison | Triggered checkpoint 14142 | -5/Garrison | Discovered exit to Extension (range 10) 14366 | -5/Garrison | Build established: Scavenger-Mutant 14439 | -5/Garrison | Spotted B-90 Cyclops 14496 | -5/Garrison | Triggered checkpoint 14547 | -5/Garrison | Garrison Relay disabled 14661 | -5/Garrison | Attempted to access garrison exit controls, blocked by remote lockdown 14920 | -5/Garrison | Lost 3 parts (1n2u) 15088 | -5/Garrison | Destroyed B-90 Cyclops 15270 | -5/Garrison | Rewired B-75 Beast 15436 | -5/Garrison | Triggered checkpoint 15531 | -5/Garrison | Spotted B-75 Beast 15573 | -5/Garrison | Destroyed B-75 Beast 15698 | -5/Garrison | Triggered checkpoint 15733 | -5/Garrison | Build established: Hauler-Mutant 15786 | -5/Garrison | Garrison Relay disabled 15841 | -5/Garrison | Discovered exit to Extension (range 11) 15859 | -5/Garrison | Discovered exit to Extension (range 7) 15859 | -5/Garrison | Discovered exit to Extension (range 92) 15859 | -5/Garrison | Discovered exit to Extension (range 62) 15883 | -5/Garrison | Attempted to access garrison exit controls, blocked by remote lockdown 16002 | -5/Garrison | Triggered checkpoint 16076 | -5/Garrison | Phase Generator disabled 16526 | -5/Garrison | Triggered checkpoint 16873 | -5/Garrison | Entered Extension 16882 | -5/Extension | Disrupted transfer network 17089 | -5/Extension | Rescued a captive Derelict 17090 | -5/Extension | Rescued a captive Derelict 17173 | -5/Extension | First assault squad dispatched 17205 | -5/Extension | Rescued a captive Derelict 17205 | -5/Extension | Rescued a captive Derelict 17329 | -5/Extension | Build established: Hauler-Skirmisher 17435 | -5/Extension | Spotted B-75 Beast 17499 | -5/Extension | Destroyed B-75 Beast 17516 | -5/Extension | Spotted B-75 Beast 17649 | -5/Extension | Lost 3 parts (2n1u) 17974 | -5/Extension | Core integrity fell below 50% 17994 | -5/Extension | Destroyed B-75 Beast 18043 | -5/Extension | Build established: Scavenger-Mutant 18220 | -5/Extension | High security lockdown imminent 18264 | -5/Extension | Lost 3 parts (1p1n1u) 18300 | -5/Extension | High security lockdown engaged 18493 | -5/Extension | Lost 4 parts (3n1w) 18507 | -5/Extension | Destroyed 14 combat bots 18576 | -5/Extension | Destroyed 8 combat bots 18580 | -5/Extension | Core integrity fell below 20% 18583 | -5/Extension | Destroyed by X-77 Beamer with Gatling Laser Last Messages --------------- Imp. Medium Treads blown off. Neutrino Core blown off. E-15 Imp destroyed. System corrupted: Matter fused (-5). Penetrated by Slug. The unstable cave ceiling collapses. Arm. Heavy Treads destroyed. Slug penetrates Door. Imp. Concussive RPG expended. G-67 Veteran knocked back. H-66 Slayer knocked back. G-67 Veteran knocked back. Slug penetrates H-66 Slayer. Penetrated by Slug. Slug penetrates Wall. Slug penetrates P-70 Sage. Penetrated by Slug. Slug penetrates X-67 Chaingunner. The unstable cave ceiling collapses. Penetrated by Slug. Map ----- +----------------------------------------------------+ | | | | | | | | | | | | | | | | | | | ?????????????????????????????????????????????????? | | ?????????????????????????????????????????????????? | | ?????????????????????????????????????????????????? | | ?????????????????????????????????????????????????? | | ?????????????????????????????????????????????????? | | ?????????????????????????????????????????????????? | | ?????????????????????????????????????????????????? | | ?????????????????????????????????????????????????? | | ????????????????????????###??????????????????????? | | ??????????????????????###!##?????????????#???????? | | ######???????########## %%######!%"" #???????? | | # #???????#; =%%!!g[ i%%%%*=%%"% "#??????? | | # #????????# %*=![= g#####%%!" % #???????? | | # #???????## %/i%! # ###????????#???????? | | #???????#" %%g[ pxp #????????????????? | | % #???????## ####;% /% ]/ #####????????????? | | #????????# #??##%!= @ =/ hh% ??? | | ^ #????????# #???#%%%/x % ###### ?? | | ^ #????????# #???#=### h#????????????????? | | #????????# #??##*#?## = #????????????????? | | ##???????# #??#%!#??#;######????????????????? | | ##???????# #??##%#??###?????????????????????? | | == ##???????# #####"####???????????????????????? | | =! %#????????#%#%%=[=*!"#???????????????????????? | | =!%!%#????????#%"=%!!!%%##???????????????????????? | | ]%! ###??????#*" [ %%=#????????????????????????? | | ==%[# #?????#"%=*!!!%/%#????????????????????????? | | ##%###?????##%#% == #????????????????????????? | | %##%##???????# #########????????????????????????? | | ####%## #?????# #????????????????????????????????? | | ?### #%######?# #????????????????????????????????? | | ?###%### ## ###%###??????????????????????????????? | | ?# %%% % "" ""#??????????????????????????????? | | ?# % % " " #??????????????????????????????? | | ?# #??????????????????????????????? | | ?# #??????????????????????????????? | | ?# #??????????????????????????????? | | ????????????????????????????? | | ?????????????????????????? | | % ???????????????????????? | | % ??????????????????????? | +----------------------------------------------------+ Best States ------------- Heat Dissipation 71 Energy Generation 38 Energy Capacity 540 Matter Stores 300 Matter Capacity 300 Sight Range 22 Terrain Scan Range 20 Terrain Scan Density 110 Jamming Range 12 Armor Coverage 525 Resistance: KI 45 Resistance: TH 40 Resistance: EX 20 Resistance: EM 20 Resistance: I 20 Resistance: S 20 Resistance: P 20 Melee Speed Boost 20 Evasion (%) 60 Targeting Accuracy 5 Melee Accuracy 12 Target Analysis 9 Core Analysis 6 Armor Integrity Analysis 30 Recoil Reduction 4 Kinecelleration 40 Salvage Targeting 2 Offensive Hacking 30 Defensive Hacking 10 Item Schematics ----------------- Lyr. Light Armor Plating | -6/Factory | Scanalyzed Imp. Melee Analysis Suite | -6/Factory | Scanalyzed Imp. Arc Projector | -5/Factory | Hacked Mic. Antimatter Reactor | -5/Factory | Hacked Adv. Salvage Targeting Computer | -5/Factory | Hacked Robot Schematics ------------------ A-15 Conveyor | -6/Factory | Hacked Fabricated ------------ Lyr. Light Armor Plating | x2 | -6/Factory Alien Tech Used ----------------- Dimensional Node Initializer Achievements -------------- Giant Slayer Sniper Challenges ------------ None Game ------ Seed FrostStasisReconstructor Manual? 0 Play Time 03:23:31 Cumulative 124.8 hours Start 2023.05.08 @ 12:33:56 End 2023.05.08 @ 16:27:20 Sessions 1 Manual Loads 0 Difficulty Adventurer Special Mode None Game No. 113 Rogue 72 Adventurer 41 Explorer 0 Win Type - Total 0 Types 0/0/0/0/0/0/0/0/0 Lore% 41 Gallery% 53 Achievement% 40 Wizard Run 0 Options --------- ASCII 0 Keyboard 0 Movement Mouse Keybinds 0 Fullscreen 1 Font 12/Smallcaps Map View 83x54 Tactical HUD 0 Map Filters NONE Filters NONE Steam 1 RUN: 8d53fbad-dc11-4536-b2a6-0b9003976e68